 Dungeon Crawl Stone Soup version 0.25.0 (webtiles) character file.

Game seed: 12738159780079535812

566 Esekla the Skirmisher (level 7, -5/56 HPs)
             Began as a Formicid Abyssal Knight on June 12, 2020.
             Was a Priest of Lugonu.
             Slain by an ogre
             ... wielding a +0 giant spiked club
              (25 damage)
             ... on level 10 of the Dungeon.
             The game lasted 00:32:06 (7214 turns).

Esekla the Skirmisher (Formicid Abyssal Knight)     Turns: 7214, Time: 00:32:07

Health: -5/56      AC:  4    Str: 17    XL:     7   Next: 59%
Magic:  9/9        EV: 12    Int: 12    God:    Lugonu [***...]
Gold:   487        SH:  0    Dex: 11    Spells: 8/9 levels left

rFire    + + .     SeeInvis +   a - +2 falchion
rCold    . . .     Gourm    .   (no shield)
rNeg     . . .     Faith    .   n - +1 leather armour {rF+}
rPois    .         Spirit   .   (helmet unavailable)
rElec    .         Reflect  .   (no cloak)
rCorr    .         Harm     .   (no gloves)
MR       +....                  (no boots)
Stlth    +.........             (no amulet)
HPRegen  0.18/turn              f - ring of protection from fire
MPRegen  0.11/turn              m - ring of protection from magic

@: no status effects
A: permanent stasis, dig shafts and tunnels, four strong arms, antennae 3
a: Dig, Shaft Self, Depart the Abyss, Bend Space, Banish, Renounce Religion


You were on level 10 of the Dungeon.
You worshipped Lugonu.
Lugonu was most pleased with you.
You were not hungry.

You visited 1 branch of the dungeon, and saw 9 of its levels.
You visited the Abyss 1 time.
You also visited: Ossuary.

You collected 487 gold pieces.

Inventory:

Hand Weapons
 a - a +2 falchion (weapon)
 p - a +0 spear of venom
Armour
 n - a +1 leather armour of fire resistance (worn)
Jewellery
 b - an uncursed ring of protection from cold
 f - a ring of protection from fire (left hand)
 g - an uncursed ring of fire
 m - a ring of protection from magic (right hand)
Wands
 l - a wand of flame (22)
 t - a wand of polymorph (14)
Scrolls
 d - a scroll of fog {unknown}
 e - 2 scrolls of enchant weapon
 o - 2 scrolls of amnesia
 s - a scroll of teleportation {unknown}
 y - a scroll of remove curse
Potions
 h - 4 potions of might
 i - a potion of lignification
 j - 2 potions of cancellation
 k - 4 potions of curing
 r - 3 potions of magic
 v - a potion of resistance
 x - a potion of mutation {unknown}
 z - a potion of ambrosia
Comestibles
 c - 7 rations


   Skills:
 * Level 5.2 Fighting
 + Level 4.6 Long Blades
 + Level 0.7 Polearms
 + Level 3.8 Armour
 + Level 2.2 Dodging
 + Level 1.5 Stealth
 * Level 1.6 Spellcasting
 * Level 1.1 Translocations
 + Level 2.2 Invocations


You had 8 spell levels left.
You knew the following spells:

 Your Spells              Type           Power        Failure   Level  Hunger
a - Apportation           Tloc           #.....       22%         1    ##.....

Your spell library contained the following spells:

 Spells                   Type           Power        Failure   Level  Hunger
 Animate Skeleton         Necr           N/A          34%         1    ##.....
 Corona                   Hex            #......      34%         1    ##.....
 Summon Small Mammal      Summ           #...         34%         1    ##.....


Dungeon Overview and Level Annotations

Branches:
Dungeon (11/15)           Ossuary (visited)
 Temple: D:4-7         Lair: D:8-11         Orc: D:9-12

Altars:
Elyvilon
Makhleb
Xom
Yredelemnul

Annotations:
D:6 Blork the orc, Prince Ribbit


Innate Abilities, Weirdness & Mutations

You cannot be hasted, slowed, berserked, paralysed or teleported.
You can dig through walls and to a lower floor.
Your four strong arms can wield two-handed weapons with a shield.
You have a pair of large antennae on your head. (SInv)


Message History

You drop a -4 ring of intelligence.
m - a ring of protection from magic (right hand)
Okay, then.
You open the door.
There is an open door here.
An ogre comes into view. It is wielding a +0 giant spiked club.
The ogre shouts!
You hear a shout! x3
Found 16 stones.
There is an open door here.
There is a stone staircase leading down here.
You hit the ogre.
The ogre is lightly wounded.
The ogre hits you with a +0 giant spiked club!
You hit the ogre.
The ogre is lightly wounded.
The ogre hits you with a +0 giant spiked club!!
You barely miss the ogre.
The ogre is lightly wounded.
The ogre hits you with a +0 giant spiked club!!
You die...

{
########+###
#..........#
#..........#
#.....@....#
+.....O>...#
#..!=......#
######'#####
#..#
#####.##
#.....#
#.##### #.


You could see an ogre.

Vanquished Creatures
  A howler monkey (D:6)
  An orc priest (D:3)
  3 orc wizards
  2 worker ants (D:3)
  A big kobold zombie (Ossuary)
  A hound skeleton (D:6)
  8 mummies (Ossuary)
  7 gnolls
  7 adders
  An ufetubus (D:1)
  An ooze (D:1)
  4 worms
  2 dart slugs
  A leopard gecko (D:2)
  12 orcs
  6 bats
  3 giant cockroaches
  8 goblins
  6 hobgoblins
  3 jackals (D:1)
  8 kobolds
  A quokka (D:2)
  A frilled lizard (D:3)
  3 gnoll zombies (Ossuary)
  2 hobgoblin zombies (Ossuary)
  A kobold zombie (Ossuary)
  An orc zombie (Ossuary)
  8 rats
  2 rat zombies (D:7)
105 creatures vanquished.

Notes
Turn   | Place    | Note
-------+----------+-------------------------------------------
     0 | Abyss:1  | Esekla the Formicid Abyssal Knight began the quest for the
                  | Orb.
     0 | Abyss:1  | Reached XP level 1. HP: 18/18 MP: 2/2
    19 | Abyss:2  | Found an opulent altar of Gozag.
    35 | Abyss:2  | Noticed a small abomination
    85 | Abyss:2  | Noticed a large abomination
    89 | D:1      | Escaped the Abyss
   328 | D:1      | Reached XP level 2. HP: 25/25 MP: 3/3
   573 | D:1      | Reached skill level 4 in Fighting
   683 | D:1      | Reached XP level 3. HP: 22/30 MP: 4/4
   872 | D:1      | Reached skill level 1 in Dodging
   881 | D:1      | Reached ** piety under Lugonu
  1314 | D:2      | Found a basalt altar of Yredelemnul.
  1572 | D:2      | Reached XP level 4. HP: 23/37 MP: 5/5
  1977 | D:2      | Found a white marble altar of Elyvilon.
  2016 | D:2      | Learned a level 1 spell: Apportation
  2070 | D:2      | Found a burning altar of Makhleb.
  2072 | D:2      | Found a shimmering altar of Xom.
  2395 | D:2      | Reached XP level 5. HP: 33/43 MP: 6/6
  3001 | D:2      | Reached *** piety under Lugonu
  3005 | D:2      | Reached XP level 6. HP: 19/49 MP: 7/7
  4634 | D:3      | Reached skill level 1 in Spellcasting
  4909 | D:3      | Reached XP level 7. HP: 11/55 MP: 6/8
  4912 | D:3      | You fall into a shaft and drop 3 floors!
  5226 | D:6      | Reached skill level 1 in Translocations
  5474 | D:7      | Found a sand-covered staircase.
  5493 | Ossuary  | Entered an ossuary
  5658 | Ossuary  | Reached skill level 1 in Stealth
  6326 | Ossuary  | Reached skill level 5 in Fighting
  6879 | D:6      | Noticed Prince Ribbit
  6881 | D:6      | Noticed Blork the orc
  6884 | D:6      | You are sucked into a shaft and drop 3 floors!
  6923 | D:9      | Noticed a vampire
  6934 | D:9      | You fall into a shaft and drop 2 floors!
  7178 | D:10     | Entered Level 10 of the Dungeon
  7214 | D:10     | Slain by an ogre

Illustrated notes

Levels and vault maps discovered:
D:1:      heliophobic_arrival_henge, layout_loops_ring
D:2:      layout_rooms, chequers_temple_overflow_statue_of_worship,
          yredelemnul_altar_generic, chequers_garden, elyvilon_altar_5
D:3:      layout_rooms, glass_columns_a
D:4:      layout_rooms, lemuel_doored_altar, ebering_ghost_reflecting_pool,
          minmay_a_box_with_orc_wizards_in_it
D:6:      layout_rooms, minmay_temple_entry_glass, uniq_blork_the_orc,
          uniq_prince_ribbit1
D:7:      layout_cave_pools, enter_ossuary_4
D:9:      layout_basic, gammafunk_temple_overflow_elements, erik_orc_4,
          basic_altar, special_room [special_room_bee], uniq_maggie
D:10:     layout_roguey
D:11:     layout_roguey

Skill      XL: |  1  2  3  4  5  6  7 |
---------------+----------------------+-----
Fighting       | 4 5 |  5.2
Dodging        | 1 2 |  2.2
Long Blades    | 3 4 |  4.6
Armour         | 3 |  3.8
Spellcasting   | 1 |  1.6
Translocations | 1 |  1.1
Stealth        | 1 |  1.5
Polearms       | |  0.7
Invocations    | |  2.2

Action                   |  1- 3 |  4- 6 |  7- 9 || total
-------------------------+-------+-------+-------++-------
Melee: Falchion          |    89 |   211 |   117 ||   417
       Spear             |       |    36 |     1 ||    37
Invok: Bend Space        |       |     3 |     8 ||    11
 Abil: Shaft Self        |       |       |     3 ||     3
  Use: Scroll            |       |     4 |     9 ||    13
       Potion            |       |     1 |       ||     1
  Eat: Chunk             |     2 |     8 |     2 ||    12
       Ration            |       |     1 |     2 ||     3
Armor: Leather armour    |    25 |    41 |    15 ||    81
Dodge: Dodged            |    60 |   157 |    54 ||   271
       Rpst.: Falchion   |    20 |    36 |    18 ||    74
